 Dungeon Crawl Stone Soup version 0.32-a0-485-g70f7560b1c (webtiles) character file.

Game seed: 7050909072439298311

32424 mdonais the Skirmisher (level 13, -9/89 HPs)
             Began as an Octopode Alchemist on Feb 26, 2024.
             Was a High Priest of Hepliaklqana.
             Hit by a javelin thrown by a minotaur (40 damage)
             ... in a Gauntlet.
             The game lasted 01:00:27 (15487 turns).

mdonais the Skirmisher (Octopode Alchemist)        Turns: 15487, Time: 01:00:29

Health: -9/89      AC:  1    Str:  7    XL:     13   Next: 64%
Magic:  17/19      EV: 20    Int: 27    God:    Hepliaklqana [*****.]
Gold:   810        SH:  0    Dex: 24    Spells: 7/20 levels left

rFire   + . .        b - +8 hand cannon (freeze)
rCold   + . .        i - orb {light}
rNeg    . . .        (helmet restricted)
rPois   .            a - amulet of magic regeneration
rElec   +            G - +6 ring of dexterity
rCorr   +            C - ring of Reidduth {rC+ Int+4 SInv}
SInv    +            M - ring of willpower
Will    ++...        (no ring)
Stlth   ++           d - ring "Recuolit" {rCorr Int+3 Slay+4}
HPRegen 0.34/turn    e - ring of the Turtledove {Fly rElec rF+ Will+ Dex+3}
MPRegen 0.56/turn    (no ring)
                     (no ring)

%: no teleportation
@: flying, glowing
A: reduced essence, almost no armour, amphibious, 8 rings, camouflage 1,
gelatinous body 1, (nimble swimmer 1), tentacles
a: Renounce Religion, Recall Ancestor, Ancestor Identity, Transference, Idealise


You were in a Gauntlet.
You worshipped Hepliaklqana.
Hepliaklqana was extremely pleased with you.
You visited 3 branches of the dungeon, and saw 14 of its levels.
You also visited: Sewer and Gauntlet.

You collected 996 gold pieces.
You spent 186 gold pieces at shops.

Inventory:

Hand Weapons
 b - a +8 hand cannon of freezing (weapon)
   (You found it on level 1 of the Dungeon)
 c - a +1 dagger of protection
   (You took it off an arcanist in a Gauntlet)
 D - a +3 scimitar
   (You took it off a wight on level 9 of the Dungeon)
 J - the +1 hand axe "Ygrafusk" {speed, ^Fragile rN+ Str+2 Int+4}
   (You took it off a centaur warrior on level 10 of the Dungeon)

   Str+2:     It affects your strength (+2).
   Int+4:     It affects your intelligence (+4).
   rN+:       It protects you from negative energy.
   ^Fragile:  It will be destroyed if unequipped.
Missiles
 t - 2 boomerangs
 v - 6 javelins
 F - 2 curare-tipped darts
 Z - 3 throwing nets {=!f}
Armour
 i - an orb of light (worn)
   (You found it on level 8 of the Dungeon)
 z - a +0 kite shield
   (You found it on level 6 of the Dungeon)
Magical Staves
 s - a staff of earth
   (You found it in a Gauntlet)
Jewellery
 a - an amulet of magic regeneration (around mantle)
   (You found it in a Gauntlet)
 d - the ring "Recuolit" (on tentacle) {rCorr Int+3 Slay+4}
   (You found it in a Gauntlet)

   [ring of slaying]

   Int+3:     It affects your intelligence (+3).
   Slay+4:    It affects your accuracy & damage with ranged weapons and melee
   (+4).
   rCorr:     It protects you from acid and corrosion.
 e - the ring of the Turtledove (on tentacle) {Fly rElec rF+ Will+ Dex+3}
   (You found it in a Gauntlet)

   [ring of flight]

   Dex+3:     It affects your dexterity (+3).
   rF+:       It protects you from fire.
   rElec:     It insulates you from electricity.
   Will+:     It increases your willpower.
   Fly:       It grants you flight.
 C - the ring of Reidduth (right tentacle) {rC+ Int+4 SInv}
   (You acquired it on level 1 of the Lair of Beasts)

   [ring of see invisible]

   Int+4:     It affects your intelligence (+4).
   rC+:       It protects you from cold.
   SInv:      It lets you see invisible.
 G - a +6 ring of dexterity (left tentacle)
   (You found it on level 10 of the Dungeon)
 M - a ring of willpower (on tentacle)
   (You found it on level 2 of the Lair of Beasts)
 N - a ring of ice
   (You took it off Fannar on level 2 of the Lair of Beasts)
Wands
 x - a wand of light (16)
   (You found it on level 5 of the Dungeon)
 H - a wand of mindburst (8)
   (You took it off a kobold on level 10 of the Dungeon)
 I - a wand of iceblast (8)
   (You found it on level 7 of the Dungeon)
 K - a wand of polymorph (4)
   (You found it on level 1 of the Lair of Beasts)
 P - a wand of paralysis (2)
   (You found it on level 1 of the Lair of Beasts)
 V - a wand of flame (44)
   (You took it off a crimson imp on level 5 of the Dungeon)
Scrolls
 j - 3 scrolls of enchant armour
 m - 2 scrolls of fog
 o - 6 scrolls of immolation
 w - 3 scrolls of poison
 y - 3 scrolls of fear
 B - a scroll of blinking
 E - a scroll of vulnerability
 O - a scroll of torment {unknown}
 T - 4 scrolls of teleportation
Potions
 f - 3 potions of magic
 g - 3 potions of invisibility
 h - 3 potions of heal wounds
 k - 2 potions of resistance
 l - 4 potions of attraction
 n - 2 potions of brilliance
 p - a potion of might
 q - 2 potions of mutation
 r - 3 potions of lignification
 u - a potion of berserk rage {unknown}
 A - a potion of haste {unknown}
 L - a potion of enlightenment {unknown}
 Q - 3 potions of curing


   Skills:
 + Level 13.1 Fighting
 + Level 13.1 Ranged Weapons
 - Level 8.0 Dodging
 - Level 8.0 Stealth
 - Level 4.0 Spellcasting
 - Level 4.0 Conjurations
 * Level 3.8 Hexes
 - Level 3.0 Translocations
 - Level 3.0 Air Magic
 - Level 6.0 Alchemy
 - Level 4.0 Evocations


You had 7 spell levels left.
You knew the following spells:

 Your Spells              Type           Power      Damage    Failure   Level
a - Jinxbite              Hex            50%        N/A       2%          2
b - Mephitic Cloud        Conj/Alch/Air  28%        N/A       4%          3
c - Sandblast             Erth           10%        2d5       8%          1
d - Olgreb's Toxic Radia  Alch           37%        N/A       7%          4
e - Blink                 Tloc           42%        N/A       3%          2
f - Sting                 Conj/Alch      100%       1d9       1%          1

Your spell library contained the following spells:

 Spells                   Type           Power      Damage    Failure   Level
 Magic Dart               Conj           100%       1d8       1%          1
 Shock                    Conj/Air       96%        1d9       1%          1
 Mercury Vapours          Alch/Air       58%        N/A       1%          2
 Cigotuvi's Dreadful Rot  Necr/Alch/Air  42%        N/A       3%          2
 Swiftness                Air            21%        N/A       7%          3
 Fulminant Prism          Conj/Alch      16%        3d11      10%         4
 Stone Arrow              Conj/Erth      32%        3d9       11%         3
 Call Imp                 Summ           10%        N/A       12%         2
 Sublimation of Blood     Necr           5%         N/A       12%         2
 Volatile Blastmotes      Fire/Tloc      26%        2d12      13%         3
 Iskenderun's Mystic Bla  Conj/Tloc      24%        2d7       19%         4
 Airstrike                Air            10%        2d(2-18)  22%         4
 Ignite Poison            Fire/Alch      21%        N/A       22%         4
 Sticky Flame             Fire/Alch      21%        2d6       22%         4
 Passwall                 Erth           5%         N/A       24%         3
 Yara's Violent Unravell  Hex/Alch       15%        3d8       30%         5
 Brom's Barrelling Bould  Conj/Erth      16%        2d4       34%         4
 Dispel Undead            Necr           5%         3d7       61%         4
 Martyr's Knell           Necr/Summ      5%         N/A       61%         4
 Freezing Cloud           Conj/Ice/Air   8%         6-21      65%         5
 Death Channel            Necr           2%         N/A       100%        6
 Enfeeble                 Hex            12%        N/A       100%        7
 Summon Hydra             Summ           2%         N/A       100%        7
 Lehudib's Crystal Spear  Conj/Erth      8%         10d3      100%        8
 Animate Armour           Summ/Erth      Unusable   N/A       N/A         4

Dungeon Overview and Level Annotations

Branches:
Dungeon (10/15) Zot: 24924  Temple (1/1) D:5 Zot: 5857    Lair (3/5) D:8 Zot: 15296
 Shoals (0/4) Lair:2       Spider (0/4) Lair:2          Orc (0/2) D:9
  Sewer (visited)         Gauntlet (1/1) Zot: 5674

Altars:
Ashenzari
Cheibriados
Dithmenos
Elyvilon
Fedhas
Gozag
Hepliaklqana
Kikubaaqudgha
Makhleb
Nemelex Xobeh
Okawaru
Qazlal
Ru
Sif Muna
Trog
Uskayaw
Vehumet
Wu Jian
Xom
Yredelemnul
Zin
The Shining One
Beogh

Shops:
D:7 ?

Annotations:
Lair:3 3 runed translucent doors, Lautsu Amorr's ghost, journeyman MfBr Gauntlet 6 transporters


Innate Abilities, Weirdness & Mutations

Your life essence is reduced to manifest your ancestor. (-10% HP)
You cannot wear most types of armour.
You are amphibious.
You can wear up to eight rings at the same time.
Your skin changes colour to match your surroundings (Stealth+).
Your rubbery body absorbs attacks. (AC +1, EV +1)
((You are camouflaged when in or above water. (Stealth+)))
You have tentacles for arms and can constrict up to eight enemies at once.


Message History

Fire: b) +8 hand cannon (freeze)
Press: ? - help, Q - select action, (/) - cycle Shift-Dir - straight line, f/p - ice statue
Aim: an ice statue (almost destroyed, ally target, 95% to hit)
You shoot a bolt. Sharkbait avoids your attack.
The bolt hits the ice statue!!
You destroy the ice statue!
d - the ring "Recuolit" {rCorr Int+3 Slay+4}
y - 3 scrolls of fear (gained 1)
You swap places.
You feel clever.
d - the ring "Recuolit" (on tentacle) {rCorr Int+3 Slay+4}
There is a transporter here.
Unknown command.
You enter the transporter and appear at another place.
You swap places.
There is a transporter here.
You enter the transporter and appear at another place.
The centaur warrior simulacrum hits Sharkbait!
The centaur warrior simulacrum freezes Sharkbait!
Sharkbait resists.
The centaur warrior simulacrum kicks Sharkbait.
The centaur warrior simulacrum freezes Sharkbait!
Sharkbait resists.
The harpy simulacrum enters a dispersal trap!
The centaur warrior simulacrum blinks!
Sharkbait blinks! x2
The boggart simulacrum blinks!
Sharkbait blinks!
The boggart simulacrum blinks! x2; The centaur warrior simulacrum blinks!
You blink.
The harpy simulacrum blinks!
The centaur warrior simulacrum fails to trigger a net trap.
You shoot a bolt. The bolt hits the harpy simulacrum!!
The harpy simulacrum vaporises!
The boggart simulacrum hits you. The boggart simulacrum freezes you.
You resist.
You take 4 damage, and have 85/89 hp.
You shoot a bolt.
The bolt hits the boggart simulacrum but does no damage.
The boggart simulacrum misses you.
Sharkbait gestures at the centaur warrior simulacrum while chanting.
The centaur warrior simulacrum appears confused.
The boggart simulacrum misses you.
You shoot a bolt. The bolt hits the boggart simulacrum!
The boggart simulacrum is heavily damaged.
The centaur warrior simulacrum enters a dispersal trap!
Sharkbait blinks!
The boggart simulacrum blinks! x2
The boggart simulacrum fails to trigger a net trap.
You blink.
The centaur warrior simulacrum blinks!
The boggart simulacrum hits you but does no damage.
You shoot a bolt. The bolt hits the boggart simulacrum!
The boggart simulacrum vaporises!
Sharkbait points at the centaur warrior simulacrum and mumbles some strange words.
The centaur warrior simulacrum resists with significant effort.
The centaur warrior simulacrum hits itself!
The centaur warrior simulacrum kicks itself.
You shoot a bolt.
The bolt hits the centaur warrior simulacrum!!
The centaur warrior simulacrum is almost destroyed.
The centaur warrior simulacrum fails to trigger a net trap.
Your line of fire to the centaur warrior simulacrum is blocked by a granite statue.
Your line of fire to the centaur warrior simulacrum is blocked by a granite statue.
Your line of fire to the centaur warrior simulacrum is blocked by a granite statue.
You swap places.
There is a transporter landing site here.
Health restored: 89 Sharkbait casts a spell at the centaur warrior simulacrum.
The centaur warrior simulacrum seems to slow down.
Sharkbait hits the centaur warrior simulacrum with a +0 dagger of draining!
The centaur warrior simulacrum vaporises!
e - the ring of the Turtledove {Fly rElec rF+ Will+ Dex+3} You fly up into the air.
You feel agile.
e - the ring of the Turtledove (on tentacle) {Fly rElec rF+ Will+ Dex+3} You swap places.
There is a transporter here.
s - a staff of earth
g - 3 potions of invisibility (gained 1)
The entropy weaver shouts!
You swap places.
There is a transporter landing site here.
There is a transporter here.
You remove your ring of ice.
You enter the transporter and appear at another place.
You swap places.
You reach down and open the door.
You have identified the last wand.
A minotaur comes into view.
It is wielding a staff of fire and wearing a +4 ring mail of fire resistance.
Found a plate armour.
Found a gate leading back out of this place.
Casting: Jinxbite (safe; 2% risk of failure)
Confirm with . or Enter, or press ? or * to list all spells.
Aiming: Sandblast (safe; 8% risk of failure)
Press: ? - help, Shift-Dir - straight line, f - minotaur
Aim: a minotaur, wielding a staff of fire, wearing a +4 ring mail of fire resistance, wearing an amulet of regeneration and quivering javelins (ally target, haloed, 89% to hit)
Sharkbait avoids your attack.
The blast of sand hits the minotaur but does no damage.
The minotaur hits Sharkbait with a staff of fire!!
The minotaur burns Sharkbait.
The minotaur gores Sharkbait!
You now have 18/19 mp.
Casting: Sandblast (safe; 8% risk of failure)
Confirm with . or Enter, or press ? or * to list all spells.
Aiming: Mephitic Cloud (mildly dangerous; 4% risk of failure)
Press: ? - help, Shift-Dir - straight line, f/p - minotaur
Aim: a minotaur, wielding a staff of fire, wearing a +4 ring mail of fire resistance, wearing an amulet of regeneration and quivering javelins (ally target, haloed, chance to affect: 34%) Sharkbait avoids your attack.
The ball explodes into a vile cloud!
The stinking cloud engulfs the minotaur.
Sharkbait avoids your attack.
Sharkbait hits the minotaur but does no damage.
Sharkbait drains the minotaur.
The minotaur is engulfed in noxious fumes.
The minotaur hits Sharkbait with a staff of fire!!
The minotaur burns Sharkbait.
Sharkbait is destroyed!
You now have 16/19 mp.
You shoot a bolt.
The bolt hits the minotaur but does no damage.
The minotaur is lightly wounded.
The minotaur is engulfed in noxious fumes.
You shoot a bolt.
The bolt hits the minotaur but does no damage.
The minotaur is lightly wounded.
The minotaur is engulfed in noxious fumes.
The minotaur throws a javelin.
The javelin closely misses you.
You shoot a bolt. The bolt hits the minotaur!
The bolt freezes the minotaur!
The minotaur is moderately wounded.
The minotaur is engulfed in noxious fumes.
The minotaur hits you with a staff of fire!!
The minotaur burns you. The minotaur gores you!
You take 44 damage, and have 45/89 hp.
MASSIVE DAMAGE!!
Casting: Mephitic Cloud (mildly dangerous; 4% risk of failure)
Confirm with . or Enter, or press ? or * to list all spells.
Aiming: Mephitic Cloud (mildly dangerous; 4% risk of failure)
Press: ? - help, Shift-Dir - straight line, p - minotaur The ball explodes into a vile cloud!
The stinking cloud engulfs the minotaur.
The minotaur is moderately wounded.
The minotaur is engulfed in noxious fumes.
The minotaur hits you with a staff of fire!!
* * * LOW HITPOINT WARNING * * *
The minotaur burns you.
* * * LOW HITPOINT WARNING * * *
The minotaur gores you!
* * * LOW HITPOINT WARNING * * *
You take 36 damage, and have 9/89 hp.
MASSIVE DAMAGE!!
You now have 16/19 mp.
Blink to where?
Press: ? - help, Dir - move target
As you read the scroll of blinking, it crumbles to dust.
You feel much better.
The minotaur throws a javelin.
The javelin pierces through you!!!
You die...
Hepliaklqana delivers you to your ancestors.

#.##.###'#.##.###
#......H........#
###.##.##.##.##.#
##.##.##.##.# ............# #
#.##.##.##.##
##.##.##.##.##.##
#...............#
#....@..........#
######......#####
###########.©..©.#########
##≈#§#≈#§#≈########§#≈#§#≈##
##....§.....................≈
#≈..............∩.......§...#
##..###########..#########..≈
#≈..#..[.©[!..#..#...©...#..#
##..#####.##.##..#...ß...#..§


You could see a minotaur (drained).

Vanquished Creatures
  Harold (Lair:1)
  2 centaur warriors (D:10)
  An ogre mage (D:10)
  A boulder beetle (D:10)
  A two-headed ogre (D:10)
  A skyshark (Lair:3)
  An arcanist (Gauntlet)
  A cyclops (D:10)
  3 elephants (Lair:1)
  4 molten gargoyles (D:9)
  An ice statue (Gauntlet)
  2 black mambas
  8 cane toads
  2 rime drakes
  A torpor snail (Lair:1)
  Maggie (D:10)
  4 komodo dragons
  A hornet (D:10)
  11 blink frogs
  A slime creature (D:10)
  3 culicivoras (Lair:2)
  A wraith (D:10)
  A shadow (D:10)
  19 yaks
  Eustachio (D:4)
  4 steam dragons
  Grum (D:9)
  Menkaure (D:7)
  A harpy simulacrum (Gauntlet)
  An acid dragon (D:10)
  9 water moccasins
  Duvessa (D:4)
  A black bear (Lair:3)
  6 orc warriors
  2 ice beasts (D:8)
  A sky beast (D:7)
  An ogre (D:7)
  5 wolves
  9 centaurs
  7 bullfrogs
  8 kobold brigands
  2 scorpions
  7 wights
  Dowan (D:4)
  11 killer bees
  An electric eel (D:8)
  3 howler monkeys (D:8)
  A bombardier beetle (D:7)
  A crimson imp (D:5)
  4 jellies
  5 orc priests
  4 hounds
  3 gnoll boudas
  Crazy Yiuf (D:2)
  2 hexers
  A sleepcap (D:6)
  5 iguanas
  7 orc wizards
  A boggart simulacrum (Gauntlet)
  11 gnolls
  12 adders
  3 river rats (Sewer)
  2 shadow imps
  2 white imps
  2 ufetubi (D:7)
  2 dart slugs
  4 ribbon worms (Sewer)
  13 orcs
  11 endoplasms
  6 giant cockroaches
  8 goblins
  12 hobgoblins
  4 jackals (D:1)
  25 kobolds
  7 quokkas
  8 ball pythons
  6 bats
  2 frilled lizards
  15 rats
346 creatures vanquished.

Vanquished Creatures (collateral kills)
  Fannar (Lair:2)
  2 two-headed ogres
  A skyshark (Lair:2)
  Amaemon (Lair:1)
  An orange demon (Lair:1)
  A rime drake (Gauntlet)
  3 blink frogs
  A centaur simulacrum (Gauntlet)
  A shadow (D:10)
  8 yaks
  A steam dragon (D:9)
  A water moccasin (Lair:1)
  A wolf (D:9)
  2 centaurs
  4 bullfrogs
  A wight (D:9)
  A killer bee (D:9)
  2 howler monkeys
  An iguana (D:8)
  3 orc wizards
  A white imp (Gauntlet)
  An orc (D:10)
  5 kobolds
44 creatures vanquished.

Vanquished Creatures (others)
  6 hexers
  An ancestor (D:6)
  A gnoll (D:6)
8 creatures vanquished.

Grand Total: 398 creatures vanquished

Notes
Turn   | Place    | Note
-------+----------+-------------------------------------------
     0 | D:1      | mdonais the Octopode Alchemist began the quest for the Orb.
     0 | D:1      | Reached XP level 1. HP: 11/11 MP: 3/3
   365 | D:1      | Reached XP level 2. HP: 17/17 MP: 3/5
   790 | D:1      | Reached skill level 1 in Fighting
   796 | D:1      | Reached XP level 3. HP: 23/23 MP: 1/6
  1631 | D:2      | Learned a level 3 spell: Mephitic Cloud
  2115 | D:2      | Reached XP level 4. HP: 17/29 MP: 0/7
  2123 | D:2      | HP: 1/29 [poisoned by an adder]
  2284 | D:2      | Found a faded altar of an unknown god.
  2446 | D:2      | Found a runed translucent door.
  2447 | D:2      | Noticed Crazy Yiuf
  3078 | D:3      | Found a glowing drain.
  3147 | Sewer    | Entered a sewer
  3188 | Sewer    | Noticed a kobold brigand
  3202 | Sewer    | Killed a kobold brigand
  3203 | Sewer    | Reached skill level 1 in Air Magic
  3203 | Sewer    | Reached XP level 5. HP: 24/34 MP: 1/8
  3279 | Sewer    | Learned a level 1 spell: Sandblast
  3798 | Sewer    | Reached XP level 6. HP: 39/39 MP: 7/10
  4025 | Sewer    | Reached skill level 5 in Alchemy
  4238 | Sewer    | Reached XP level 7. HP: 24/45 MP: 4/11
  4921 | D:4      | Noticed Eustachio
  4929 | D:4      | Killed Eustachio
  4930 | D:4      | Reached skill level 1 in Ranged Weapons
  5206 | D:4      | Noticed Duvessa
  5206 | D:4      | Noticed Dowan
  5210 | D:4      | Killed Duvessa
  5214 | D:4      | Killed Dowan
  5278 | D:4      | Reached XP level 8. HP: 54/54 MP: 9/12
  5617 | D:5      | Entered Level 5 of the Dungeon
  5958 | D:5      | Found a staircase to the Ecumenical Temple.
  5967 | Temple   | Entered the Ecumenical Temple
  6038 | Temple   | Became a worshipper of Hepliaklqana the Forgotten
  6209 | D:5      | Found a burning altar of Makhleb.
  6212 | D:5      | Found a radiant altar of Vehumet.
  6435 | D:5      | Reached skill level 1 in Evocations
  6832 | D:6      | Reached skill level 5 in Ranged Weapons
  6847 | D:6      | Reached skill level 5 in Fighting
  6847 | D:6      | Reached skill level 5 in Stealth
  7156 | D:6      | Reached XP level 9. HP: 61/61 MP: 13/13
  7182 | D:6      | Reached * piety under Hepliaklqana
  7249 | D:6      | Identified the +2 robe of Idealism {Int+3 Dex+4}
  7609 | D:7      | Noticed Menkaure
  7613 | D:7      | Killed Menkaure
  7743 | D:7      | Found a bloodstained altar of Trog.
  7823 | D:7      | Found Xuuxuc's Magic Scroll Shop.
  7832 | D:7      | Bought a scroll of poison for 48 gold pieces
  7832 | D:7      | Bought a scroll of enchant weapon for 90 gold pieces
  7832 | D:7      | Bought a scroll of identify for 24 gold pieces
  7832 | D:7      | Bought a scroll of identify for 24 gold pieces
  8451 | D:8      | Reached XP level 10. HP: 46/64 MP: 11/14
  8606 | D:8      | Learned a level 2 spell: Blink
  8740 | D:8      | Reached skill level 1 in Translocations
  8766 | D:8      | Reached ** piety under Hepliaklqana
  8767 | D:8      | Remembered your ancestor Sharkbait as a hexer
  8807 | D:8      | Found a staircase to the Lair.
  9226 | D:9      | Noticed a molten gargoyle
  9227 | D:9      | Noticed a molten gargoyle
  9234 | D:9      | Killed a molten gargoyle
  9236 | D:9      | Killed a molten gargoyle
  9269 | D:9      | Noticed a molten gargoyle
  9275 | D:9      | Killed a molten gargoyle
  9276 | D:9      | Reached skill level 5 in Dodging
  9290 | D:9      | Noticed a molten gargoyle
  9301 | D:9      | Killed a molten gargoyle
  9461 | D:9      | Reached XP level 11. HP: 70/70 MP: 17/17
  9486 | D:9      | Noticed a two-headed ogre
  9492 | D:9      | Killed a two-headed ogre
  9566 | D:9      | Found a blossoming altar of Fedhas.
  9695 | D:9      | Noticed Grum
  9698 | D:9      | Killed Grum
  9833 | D:9      | Found a staircase to the Orcish Mines.
  9859 | D:9      | Found a glowing silver altar of Zin.
  9893 | D:9      | Found a snail-covered altar of Cheibriados.
 10010 | D:9      | Found a roughly hewn altar of Beogh.
 10509 | D:10     | Entered Level 10 of the Dungeon
 10651 | D:10     | Reached *** piety under Hepliaklqana
 10732 | D:10     | Identified the +1 hand axe "Ygrafusk" {speed, ^Fragile rN+
                  | Str+2 Int+4}
 10732 | D:10     | Noticed a centaur warrior
 10742 | D:10     | Killed a centaur warrior
 10743 | D:10     | Reached skill level 10 in Fighting
 10743 | D:10     | Reached skill level 10 in Ranged Weapons
 11104 | D:10     | Noticed a cyclops
 11110 | D:10     | Killed a cyclops
 11120 | D:10     | Noticed a boulder beetle
 11128 | D:10     | Killed a boulder beetle
 11174 | D:10     | Noticed Maggie
 11183 | D:10     | Killed Maggie
 11215 | D:10     | Noticed a centaur warrior
 11233 | D:10     | Killed a centaur warrior
 11291 | D:10     | Noticed an ogre mage
 11294 | D:10     | Killed an ogre mage
 11295 | D:10     | Reached XP level 12. HP: 79/79 MP: 18/18
 11378 | D:10     | Noticed a two-headed ogre
 11417 | D:10     | Noticed a two-headed ogre
 11424 | D:10     | Killed a two-headed ogre
 11507 | D:10     | Killed a two-headed ogre
 12311 | D:2      | Killed Crazy Yiuf
 12525 | Lair:1   | Entered Level 1 of the Lair of Beasts
 12657 | Lair:1   | Noticed Amaemon
 12666 | Lair:1   | Killed Amaemon
 12775 | Lair:1   | Identified a scroll of acquirement
 12776 | Lair:1   | Acquired the ring of Reidduth {rC+ Int+4 SInv}
 12801 | Lair:1   | Learned a level 4 spell: Olgreb's Toxic Radiance
 12831 | Lair:1   | Noticed Harold
 12841 | Lair:1   | Killed Harold
 13016 | Lair:1   | Reached **** piety under Hepliaklqana
 13474 | Lair:2   | Reached XP level 13. HP: 88/88 MP: 19/19
 13614 | Lair:2   | Found a staircase to the Shoals.
 13769 | Lair:2   | Noticed Fannar
 13776 | Lair:2   | Killed Fannar
 14647 | Lair:2   | Found a hole to the Spider Nest.
 14675 | Lair:2   | Reached ***** piety under Hepliaklqana
 15018 | Lair:2   | Learned a level 2 spell: Jinxbite
 15051 | Lair:3   | Reached skill level 1 in Hexes
 15134 | Lair:3   | Found a runed translucent gate.
 15134 | Lair:3   | Found a runed translucent gate.
 15134 | Lair:3   | Found a runed translucent gate.
 15141 | Lair:3   | Noticed Lautsu Amorr's ghost (journeyman MfBr)
 15149 | Lair:3   | Found a gate leading to a gauntlet.
 15165 | Gauntlet | Entered a Gauntlet
 15165 | Gauntlet | Found a transporter.
 15165 | Gauntlet | Found a transporter.
 15165 | Gauntlet | Found a transporter.
 15166 | Gauntlet | Found a transporter.
 15170 | Gauntlet | Found a transporter.
 15172 | Gauntlet | Found a transporter.
 15188 | Gauntlet | Found a transporter.
 15189 | Gauntlet | Found a transporter.
 15190 | Gauntlet | Found a transporter.
 15192 | Gauntlet | Found a transporter.
 15193 | Gauntlet | Noticed an entropy weaver
 15200 | Gauntlet | Found a transporter.
 15202 | Gauntlet | Found a transporter.
 15413 | Gauntlet | Identified the ring "Recuolit" {rCorr Int+3 Slay+4}
 15439 | Gauntlet | Identified the ring of the Turtledove {Fly rElec rF+ Will+
                  | Dex+3}
 15479 | Gauntlet | Noticed a minotaur
 15487 | Gauntlet | Hit by a javelin thrown by a minotaur

Illustrated notes

Levels and vault maps discovered:
D:1:      dpeg_arrival_court, layout_basic, serial_aquarium,
          aquarium_bridge_square [aquarium_subvault_wall,
          aquarium_subvault_bridge, aquarium_subvault_balcony,
          aquarium_subvault_wall], aquarium_window_3, aquarium_window_1,
          aquarium_view_2b, aquarium_view_4, aquarium_balcony_double_2
D:2:      layout_loops_cross, serial_rivers, chequers_serial_rivers_micro_a,
          chequers_serial_rivers_small_b, chequers_serial_rivers_micro_a,
          chequers_serial_rivers_small_3, chequers_serial_rivers_large_a,
          shapermc_ecumenical_altar_gd, uniq_crazy_yiuf_cottage
D:3:      minmay_inner_zag, layout_loops_ring, portal_sewer_entry_f
D:4:      layout_loops_ring, uniq_duvessa, uniq_eustachio
D:5:      layout_loops_corners, grunt_temple_overflow_lords_of_destruction,
          minmay_temple_entry_wispy
D:6:      layout_basic
D:7:      corexii_shack_village, layout_loops_cross,
          nicolae_overflow_crystal_walls, serial_shops, shop,
          kennysheep_small_spiral, uniq_menkaure
D:8:      layout_rooms, dpeg_lair_monsters, serial_bayou_ford_a,
          kennysheep_generic_room_8
D:9:      layout_basic, fedhas_altar_3, mainiacjoe_overflow_divided_tiny,
          minmay_orc_entry_temple_small, minivault_8, uniq_grum
D:10:     hangedman_cross_cluster, layout_loops_cross, nicolae_zen_rock_garden,
          dreamdust_wishing_well, kb_lookout_dungeons_type, uniq_maggie
Temple:   minmay_temple_bridge_d
Lair:1:   layout_chaotic_city, infiniplex_staircase_pool_2, grunt_megastairs_4,
          uniq_harold, uniq_amaemon
Lair:2:   layout_layer_cave, minmay_shoals_entry_centaurs,
          hellmonk_spider_entry_life_and_decay, uniq_fannar
Lair:3:   layout_long_grid, gauntlet_entry_generic, gammafunk_ghost_necromancy,
          grunt_megastairs_2
Gauntlet: minmay_gauntlet_mixed_big_or_small [gammafunk_gauntlet_arena_spirals,
          minmay_gauntlet_arena_77_block_sizes,
          gammafunk_gauntlet_arena_corners,
          minmay_gauntlet_arena_77_tiled_triplets,
          gammafunk_gauntlet_arena_crates,
          minmay_gauntlet_arena_77_terracotta_army, gauntlet_exit_green]

Skill      XL: |  1  2  3  4  5  6  7  8  9 10 11 12 13 |
---------------+----------------------------------------+-----
Stealth        | 3 5 6 7 8 |  8.0
Conjurations   | 2 3 4 |  4.0
Fighting       | 1 2 4 5 7 8 10 12 13 | 13.1
Air Magic      | 1 3 |  3.0
Alchemy        | 4 5 6 |  6.0
Spellcasting   | 3 4 |  4.0
Ranged Weapons | 3 5 7 8 10 12 13 | 13.1
Evocations     | 2 3 4 |  4.0
Dodging        | 3 5 6 8 |  8.0
Translocations | 3 |  3.0
Hexes          | 3 |  3.8

Action                     |  1- 3 |  4- 6 |  7- 9 | 10-12 | 13-15 || total
---------------------------+-------+-------+-------+-------+-------++-------
  Melee: Unarmed           |     3 |       |       |       |       ||     3
         Spear             |     7 |       |       |       |       ||     7
         Short sword       |    13 |    50 |     1 |       |       ||    64
         Constrict         |     4 |    12 |       |       |       ||    16
         Tentacles         |     4 |    10 |       |       |       ||    14
   Fire: Hand cannon       |       |     1 |   174 |   306 |   125 ||   606
   Cast: Sting             |    75 |    96 |    17 |       |       ||   188
         Mephitic Cloud    |       |       |    18 |    31 |     7 ||    56
         Olgreb's Toxic Ra |       |       |       |     1 |       ||     1
         Sandblast         |       |       |       |       |     1 ||     1
         Jinxbite          |       |       |       |       |     1 ||     1
 Invoke: Ancestor Identity |       |       |     1 |       |       ||     1
         Ancestor Life: He |       |       |       |     1 |       ||     1
         Recall Ancestor   |       |       |       |     1 |       ||     1
  Evoke: Wand              |       |       |       |     3 |       ||     3
    Use: Scroll            |       |     4 |     8 |     5 |     6 ||    23
         Potion            |       |     4 |       |     1 |     1 ||     6
   Stab: Sleeping          |       |     1 |       |       |       ||     1
 Armour: Skin              |    18 |    21 |    26 |    32 |    24 ||   121
  Dodge: Dodged            |    34 |    43 |    25 |    41 |    39 ||   182

Table legend: (Time is in decaauts)
 A = Elapsed time spent in this place.
 B = Non-inter-level travel time spent in this place.
 C = Inter-level travel time spent in this place.
 D = Time resting spent in this place.
 E = Time spent auto-exploring this place.
 F = Levels seen in this place.
 G = Mean time per level.
                   A        B        C        D        E       F      G
               +--------+--------+--------+--------+--------+-----+--------+
         Total |  15792 |  14803 |    989 |   1787 |   9864 |  16 |  987.0 |
       Dungeon |  11370 |  10590 |    780 |   1147 |   7304 |  10 | 1137.0 |
        Temple |    142 |      1 |    141 |      0 |      0 |   1 |  142.0 |
          Lair |   2703 |   2636 |     67 |    346 |   1755 |   3 |  901.0 |
         Sewer |   1250 |   1250 |      0 |    293 |    687 |   1 | 1250.0 |
      Gauntlet |    325 |    325 |      0 |      0 |    118 |   1 |  325.0 |
               +--------+--------+--------+--------+--------+-----+--------+

Top non-repeatable levels by time:
  Lair:2: 1634 daAuts
     D:1: 1624 daAuts
     D:9: 1592 daAuts
    D:10: 1453 daAuts
     D:2: 1346 daAuts
   Sewer: 1250 daAuts
     D:5: 1030 daAuts
     D:6: 989 daAuts
  Lair:1: 932 daAuts
     D:3: 912 daAuts
     D:7: 866 daAuts
     D:8: 816 daAuts
     D:4: 737 daAuts
Gauntlet: 325 daAuts
  Temple: 142 daAuts
